 Dungeon Crawl Stone Soup version 0.30.2 (webtiles) character file.

Game seed: 4537010652870535683

6475 growler the Thaumaturge (level 11, -12/79 HPs)
             Began as a Djinni Fire Elementalist on Mar 28, 2024.
             Was an Initiate of Gozag.
             Mangled by a sun demon (23 damage)
             ... summoned by an orc high priest
             ... in a bailey.
             The game lasted 00:45:13 (9343 turns).

growler the Thaumaturge (Djinni Fire Elementalist)  Turns: 9343, Time: 00:45:14

Health: -12/79     AC: 10    Str:  7    XL:     11   Next: 19%
Gold:   1212       EV:  9    Int: 20    God:    Gozag SH:  6 Dex: 17

rFire   + + +        E - +2 whip (flame)
rCold   x x .        C - +0 buckler
rNeg    . . .        j - +4 ring mail of the Morning {rElec Dex+2}
rPois   ∞            (no helmet)
rElec   +            m - +0 cloak
rCorr   .            (no gloves)
SInv    .            (boots unavailable)
Will    ++...        (no amulet)
Stlth   +            p - ring of willpower
HPRegen 0.33/turn    q - ring of fire
MPRegen 0.00/turn

%: infuse magic (-13 HP)
@: flying
A: sickness immunity, fire resistance 2, cold vulnerability 1, float, innate
caster, HP casting, extra vitality 1
a: Renounce Religion, Potion Petition, Call Merchant, Bribe Branch


You were in a bailey.
You worshipped Gozag.
Gozag was most pleased with you.
You visited 2 branches of the dungeon, and saw 9 of its levels.
You also visited: Bailey.

You collected 1273 gold pieces.
You paid 61 gold pieces to Gozag.

Inventory:

Hand Weapons
 E - a +2 whip of flaming (weapon)
Missiles
 h - a throwing net
Armour
 a - a +0 robe
 j - the +4 ring mail of the Morning (worn) {rElec Dex+2}
   (You found it on level 2 of the Dungeon)

   Dex:       It affects your dexterity (+2).
   rElec:     It insulates you from electricity.
 m - a +0 cloak (worn)
 B - a +0 kite shield
 C - a +0 buckler (worn)
Jewellery
 k - a ring of resist corrosion
 p - a ring of willpower (left hand)
 q - a ring of fire (right hand)
Wands
 r - a wand of roots (7)
 y - a wand of flame (9)
 A - a wand of charming (25)
Scrolls
 b - a scroll of immolation {unknown}
 c - 2 scrolls of fog {unknown}
 d - 3 scrolls of butterflies {unknown}
 e - a scroll of magic mapping {unknown}
 l - 3 scrolls of amnesia {unknown}
 n - 3 scrolls of teleportation {unknown}
 o - 4 scrolls of identify {unknown}
 v - 2 scrolls of silence {unknown}
 w - 2 scrolls of noise {unknown}
 F - a scroll of acquirement
Potions
 f - 3 potions of brilliance {unknown}
 g - a potion of ambrosia {unknown}
 i - 3 potions of attraction {unknown}
 s - 3 potions of curing {unknown}
 t - 2 potions of flight {unknown}
 u - 2 potions of lignification {unknown}
 x - a potion of haste {unknown}
 z - a potion of cancellation {unknown}
 D - a potion of mutation {unknown}


   Skills:
 + Level 7.3 Fighting
 - Level 2.5 Dodging
 - Level 1.9 Stealth
 + Level 7.3 Shields
 - Level 10.0 Spellcasting


You knew the following spells:

 Your Spells              Type           Power      Damage    Failure   Level
a - Foxfire               Conj/Fire      100%       2x1d9     1%          1
b - Scorch                Fire           100%       2d9       1%          2
c - Volatile Blastmotes   Fire/Tloc      100%       2d18      1%          3
d - Inner Flame           Hex/Fire       66%        N/A       1%          3
e - Flame Wave            Conj/Fire      66%        2d15      6%          4
f - Freeze                Ice            100%       1d10      1%          1
g - Wereblood             Tmut           50%        N/A       1%          2
h - Poisonous Vapours     Pois/Air       100%       N/A       1%          2
i - Sticky Flame          Conj/Fire      66%        2d8       6%          4
j - Freezing Cloud        Conj/Ice/Air   25%        6-21      16%         5
Your spell library was empty.

Dungeon Overview and Level Annotations

Branches:
Dungeon (8/15)             Temple (1/1) D:4          Bailey (1/1)
   Lair: D:8-11

Altars:
Ashenzari
Cheibriados
Dithmenos
Fedhas
Gozag
Hepliaklqana
Makhleb
Nemelex Xobeh
Okawaru
Qazlal
Ru
Trog
Uskayaw
Wu Jian
Xom
Yredelemnul
Zin
The Shining One

Shops:
D:2 [   D:7 *

Annotations:
D:6 2 transporters


Innate Abilities, Weirdness & Mutations

You are immune to sickness and miasma.
You are immune to poison.
Your flesh is very heat resistant. (rF++)
You are vulnerable to cold. (rC-)
You float through the air rather than walking.
You learn spells naturally, not from books.
Your magical power is your life essence.
You have superior vitality. (+4 MHP)


Message History

The orc high priest hits you with a +0 war axe!
The sun demon hits you!
You are engulfed in flames.
You resist.
A wave of flame ripples out!
The flame wave engulfs the ufetubus!!
The ufetubus is burned terribly!
You kill the ufetubus!
The ufetubus disappears in a puff of smoke!
The flame wave engulfs the sun demon.
The sun demon completely resists.
The flame wave engulfs the orc high priest!!
The orc high priest is heavily wounded.
The flame wave engulfs the ynoxinul!
The ynoxinul is heavily wounded.
The flame wave engulfs the soul eater!
The soul eater is moderately wounded.
The flame wave engulfs the ufetubus!
The ufetubus is burned terribly!
You kill the ufetubus!
The ufetubus disappears in a puff of smoke!
The flame wave engulfs the ufetubus!!
The ufetubus is burned terribly!
You kill the ufetubus!
The ufetubus disappears in a puff of smoke!
The sun demon hits you!
You are engulfed in flames.
You resist.
* * * LOW HITPOINT WARNING * * *
The orc high priest completely misses you.
The ynoxinul gestures at you. The iron shot hits you!
* * * LOW HITPOINT WARNING * * *
A wave of flame ripples out!
The flame wave engulfs the soul eater but does no damage.
The soul eater is moderately wounded.
The flame wave engulfs the sun demon.
The sun demon completely resists.
The flame wave engulfs the orc high priest but does no damage.
The orc high priest is heavily wounded.
The flame wave engulfs the ynoxinul!
The ynoxinul is almost dead.
The flame wave engulfs the ufetubus!!!
The ufetubus is burned terribly!
You kill the ufetubus!
The ufetubus disappears in a puff of smoke!
* * * LOW HITPOINT WARNING * * *
You finish channelling waves of flame.
The sun demon hits you!!
You die...
Your body crumbles into a pile of gold.

≈≈≈≈#.)..#o).#...#.??#))..#≈≈≈≈≈≈
≈≈≈≈#'#'##'###8.8###'##'#'#≈≈≈≈≈≈
≈≈≈≈~.#..#. #...# .#..#.~≈≈≈≈≈≈
≈≈≈≈~.#..## #8.8# ###..#.~≈≈≈≈≈≈
≈≈≈≈~.#.)# #...# ..#..#.~≈≈≈≈≈≈
≈≈≈≈~.#..#[[ #...#...#..#.~≈≈≈≈≈≈
≈≈≈≈~.#..#'####'####'#..#.~≈≈≈≈≈≈
≈≈≈≈~.##'#......§33..#)##.~≈≈≈≈≈≈
≈≈≈≈~)#..#....._@3.§.#..#.~≈≈≈≈≈≈
≈≈≈≈~.#.8#.......o§..#8.#.~≈≈≈≈≈≈
≈≈≈≈~.#).#...........#..#.~≈≈≈≈≈≈
≈≈≈≈~.#.8#############8.#.~≈≈≈≈≈≈
≈≈≈≈~.#)....#######.....#.~≈≈≈≈≈≈
≈≈≈≈~.#.8)).#.....#..)8.#.~≈≈≈≈≈≈
≈≈≈≈~.#.)...#.....#.....#.~≈≈≈≈≈≈
≈≈≈≈#'####..#..⌠..#).####'#≈≈≈≈≈≈
≈≈≈≈#....#..'.....'..#....#≈≈≈≈≈≈


You could see a soul eater (summoned), an orc high priest, a sun demon
(summoned) and a ynoxinul (summoned).

Vanquished Creatures
  Pikel (D:7)
  2 orc knights (Bailey)
  A kobold demonologist (Bailey)
  Sigmund (D:4)
  Eustachio (D:5)
  2 steam dragons
  Duvessa (D:4)
  A water moccasin (D:7)
  8 ice beasts
  10 orc warriors
  A sky beast (D:7)
  2 black bears
  2 ogres (D:6)
  A phantom (D:6)
  2 lemures (D:8)
  4 bullfrogs
  5 scorpions
  Dowan (D:4)
  12 electric eels
  4 crimson imps (D:5)
  3 hounds
  2 jellies (D:5)
  3 orc priests
  3 iguanas
  An orc wizard (D:6)
  2 sleepcaps
  8 adders
  8 gnolls (Bailey)
  2 shadow imps
  2 white imps
  3 ufetubi (D:5)
  4 worms
  6 dart slugs
  22 orcs
  5 ball pythons
  7 endoplasms
  4 giant cockroaches
  14 goblins
  7 hobgoblins
  9 jackals
  5 quokkas
  A bat (D:1)
  4 frilled lizards
  8 kobolds
  6 rats
201 creatures vanquished.

Vanquished Creatures (others)
  268 foxfires
268 creatures vanquished.

Grand Total: 469 creatures vanquished

Notes
Turn   | Place    | Note
-------+----------+-------------------------------------------
     0 | D:1      | growler the Djinni Fire Elementalist began the quest for
                  | the Orb.
     0 | D:1      | growler set off with the following spells memorised:
                  | Foxfire, Scorch, Volatile Blastmotes, Inner Flame, Flame
                  | Wave.
     0 | D:1      | Reached XP level 1. HP: 15/15 MP: 0/0
   167 | D:1      | Reached XP level 2. HP: 20/21 MP: 0/0
   436 | D:1      | Reached XP level 3. HP: 23/25 MP: 0/0
   436 | D:1      | Learned a level 1 spell: Freeze
   619 | D:1      | Reached skill level 3 in Spellcasting
  1029 | D:1      | Found a faded altar of an unknown god.
  1046 | D:1      | Reached XP level 4. HP: 13/31 MP: 0/0
  1358 | D:2      | Identified the +4 ring mail of the Morning {rElec Dex+2}
  1585 | D:2      | Found a shimmering altar of Xom.
  1787 | D:2      | Found Kokat's Antique Armour Shop.
  2044 | D:3      | Reached XP level 5. HP: 34/35 MP: 0/0
  2044 | D:3      | Learned a level 2 spell: Wereblood
  2274 | D:3      | Reached skill level 4 in Spellcasting
  2345 | D:3      | Noticed a bullfrog
  2351 | D:3      | Killed a bullfrog
  2851 | D:4      | Reached XP level 6. HP: 31/40 MP: 0/0
  2992 | D:4      | Reached skill level 5 in Spellcasting
  3012 | D:4      | Noticed Duvessa
  3032 | D:4      | Noticed Dowan
  3044 | D:4      | Killed Duvessa
  3045 | D:4      | Reached XP level 7. HP: 30/45 MP: 0/0
  3045 | D:4      | Learned a level 2 spell: Poisonous Vapours
  3085 | D:4      | Killed Dowan
  3156 | D:4      | Found a staircase to the Ecumenical Temple.
  3175 | Temple   | Entered the Ecumenical Temple
  3376 | Temple   | Became a worshipper of Gozag Ym Sagoz the Greedy
  3402 | D:4      | Noticed Sigmund
  3407 | D:4      | Killed Sigmund
  3408 | D:4      | Reached skill level 6 in Spellcasting
  3633 | D:4      | Found a sacrificial altar of Ru.
  3633 | D:4      | Found an iron altar of Okawaru.
  4117 | D:5      | Entered Level 5 of the Dungeon
  4203 | D:5      | Reached XP level 8. HP: 45/50 MP: 0/0
  4259 | D:5      | Found a shimmering altar of Xom.
  4339 | D:5      | Found a broken altar of Ashenzari.
  4354 | D:5      | Reached skill level 7 in Spellcasting
  4575 | D:5      | Noticed Eustachio
  4593 | D:5      | Killed Eustachio
  4919 | D:5      | Reached skill level 8 in Spellcasting
  5576 | D:6      | Reached XP level 9. HP: 37/55 MP: 0/0
  5576 | D:6      | Learned a level 4 spell: Sticky Flame
  5994 | D:6      | Reached skill level 9 in Spellcasting
  6134 | D:6      | Found a transporter.
  6429 | D:6      | Found a transporter.
  6937 | D:7      | Found Yharphec's Elemental Accessories.
  6940 | D:7      | Reached skill level 1 in Fighting
  6940 | D:7      | Reached skill level 1 in Shields
  6952 | D:7      | Reached skill level 10 in Spellcasting
  7133 | D:7      | Reached XP level 10. HP: 62/64 MP: 0/0
  7659 | D:8      | Noticed Pikel
  7667 | D:7      | Killed Pikel
  8034 | D:8      | Found a flagged portal.
  8040 | D:8      | Reached skill level 5 in Shields
  8056 | D:8      | Reached skill level 5 in Fighting
  8109 | Bailey   | Entered a bailey
  8466 | Bailey   | Noticed an orc knight
  8491 | Bailey   | Killed an orc knight
  8601 | Bailey   | Noticed a kobold demonologist
  8607 | Bailey   | Killed a kobold demonologist
  8608 | Bailey   | Reached XP level 11. HP: 50/78 MP: 0/0
  8608 | Bailey   | Learned a level 5 spell: Freezing Cloud
  8780 | Bailey   | Noticed an orc knight
  8832 | Bailey   | Killed an orc knight
  9329 | Bailey   | Found an iron altar of Okawaru.
  9334 | Bailey   | Noticed an orc high priest
  9337 | Bailey   | Noticed a sun demon
  9340 | Bailey   | Noticed a soul eater
  9343 | Bailey   | Mangled by a sun demon

Illustrated notes

Levels and vault maps discovered:
D:1:      dpeg_arrival_water_fire, layout_basic, basic_ecumenical_altar,
          st_stairs_11, minmay_pentomino_w2
D:2:      layout_loops_ring, basic_altar, serial_shops,
          nicolae_shop_back_alley_shop
D:3:      kennysheep_six_static_rooms, layout_loops_ring
D:4:      layout_gridville, kiku_gazebo_pond_becter,
          gammafunk_temple_overflow_statue, minmay_temple_entry_stoned_glass,
          minmay_misc_feat_tiny, grunt_ministairs_12, nicolae_hexahallways,
          uniq_sigmund, uniq_duvessa
D:5:      layout_basic, nicolae_overflow_crystal_walls, led_xom_imps,
          serial_demonic, serial_demonic_d, serial_demonic_e, serial_demonic_b,
          serial_demonic_d, enter_ossuary_3, nrook_uturn, uniq_eustachio
D:6:      gammafunk_steamed_eel, layout_basic, serial_bayou_lake_a
D:7:      layout_basic, nicolae_elemental_shop
D:8:      layout_loops_ring, hellmonk_lair_entry_icy, enter_bailey_3,
          uniq_pikel, uniq_joseph
Temple:   eino_temple_rhombus
Bailey:   bailey_axe_of_yendor_kennysheep, bailey

Skill      XL: |  1  2  3  4  5  6  7  8  9 10 11 |
---------------+----------------------------------+-----
Spellcasting   | 3 4 5 6 8 10 | 10.0
Fighting       | 2 6 7 |  7.3
Shields        | 2 6 7 |  7.3
Dodging        | |  2.5
Stealth        | |  1.9

Action                     |  1- 3 |  4- 6 |  7- 9 | 10-12 || total
---------------------------+-------+-------+-------+-------++-------
  Melee: Unarmed           |     2 |       |       |       ||     2
         Short sword       |     3 |    10 |    25 |    19 ||    57
         Whip              |       |       |       |    28 ||    28
   Cast: Foxfire           |    55 |    35 |    64 |    28 ||   182
         Scorch            |     8 |    30 |    52 |    35 ||   125
         Freeze            |       |       |     9 |       ||     9
         Flame Wave        |       |       |    12 |    12 ||    24
         Sticky Flame      |       |       |     3 |    16 ||    19
         Volatile Blastmot |       |       |     1 |     1 ||     2
  Evoke: Wand              |       |       |       |     3 ||     3
 Armour: Robe              |    16 |       |       |       ||    16
         Ring mail         |       |    15 |    37 |    31 ||    83
  Dodge: Dodged            |    60 |    15 |    45 |    30 ||   150
  Block: Buckler           |       |       |       |    31 ||    31
